 Dungeon Crawl Stone Soup version 0.27-a0-1296-g8ece459b43 (webtiles) character file.

Game seed: 16420783910438070088

660 Delamore the Poker (level 7, 0/56 HPs)
             Began as a Formicid Fighter on June 16, 2021.
             Was an Initiate of Gozag.
             Slain by an iguana (7 damage)
             ... on level 6 of the Dungeon.
             The game lasted 00:04:29 (4145 turns).

Delamore the Poker (Formicid Fighter)               Turns: 4145, Time: 00:04:29

Health: 0/56       AC: 10    Str: 21 (23) XL:     7   Next: 86%
Magic:  0/7        EV:  6    Int: 11 (13) God:    Gozag
Gold:   129        SH:  9    Dex:  7 (10) Spells: 6/6 levels left

rFire    . . .     SeeInvis +   a - +0 trident
rCold    . . .     Faith    .   c - +0 kite shield
rNeg     . . .     Spirit   +   m - +0 chain mail
rPois    .         Reflect  .   (helmet unavailable)
rElec    .         Harm     .   (no cloak)
rCorr    .         Rampage  .   (no gloves)
Will     .....                  o - +0 pair of boots
Stlth    ..........             x - amulet of guardian spirit
HPRegen  0.18/turn              k - ring of flight
MPRegen  0.10/turn              f - +6 ring of intelligence

@: flying
A: permanent stasis, dig shafts and tunnels, antennae 3, four strong arms
a: Dig, Shaft Self, Renounce Religion, Potion Petition, Call Merchant, Bribe
Branch


You were on level 6 of the Dungeon.
You worshipped Gozag.
Gozag was aware of your devotion.
You visited 1 branch of the dungeon, and saw 5 of its levels.

You collected 237 gold pieces.
You donated 23 gold pieces to Zin.
You paid 85 gold pieces to Gozag.

Inventory:

Hand Weapons
 a - a +0 trident (weapon)
Missiles
 e - 7 poisoned darts (quivered)
Armour
 b - a +0 scale mail
 c - a +0 kite shield (worn)
 m - a +0 chain mail (worn)
 o - a +0 pair of boots (worn)
Jewellery
 f - a +6 ring of intelligence (right hand)
 k - a ring of flight (left hand)
 u - a ring of magical power
 x - an amulet of guardian spirit (around neck)
Scrolls
 g - a scroll of teleportation {unknown}
 h - a scroll of acquirement {unknown}
 i - a scroll of magic mapping {unknown}
 j - 2 scrolls of identify {unknown}
 l - a scroll of amnesia {unknown}
 r - a scroll of enchant armour {unknown}
 t - 2 scrolls of noise {unknown}
 v - a scroll of blinking {unknown}
 y - a scroll of enchant weapon {unknown}
Potions
 d - a potion of lignification {unknown}
 n - a potion of ambrosia
 p - a potion of haste {unknown}
 q - a potion of heal wounds {unknown}
 s - a potion of resistance {unknown}


   Skills:
 - Level 5.0 Fighting
 * Level 7.5 Polearms
 - Level 3.2 Armour
 - Level 3.6 Shields


You had 6 spell levels left.
You didn't know any spells.
Your spell library contained the following spells:

 Spells                   Type           Power      Damage    Failure   Level
 Corona                   Hex            0%         N/A       100%        1
 Magic Dart               Conj           0%         1d3       100%        1
 Call Imp                 Summ           0%         N/A       100%        2
 Ensorcelled Hibernation  Hex/Ice        0%         N/A       100%        2
 Slow                     Hex            0%         N/A       100%        2
 Confusing Touch          Hex            0%         N/A       100%        3
 Conjure Flame            Conj/Fire      0%         6-21      100%        3
 Dazzling Flash           Conj/Hex       0%         N/A       100%        3
 Mephitic Cloud           Conj/Pois/Air  0%         N/A       100%        3
 Tukima's Dance           Hex            0%         N/A       100%        3
 Blink                    Tloc           Unusable   N/A       N/A         2

Dungeon Overview and Level Annotations

Branches:
Dungeon (6/15)
 Temple: D:4-7

Altars:
Gozag
Trog
Zin


Innate Abilities, Weirdness & Mutations

You cannot be hasted, slowed, berserked, paralysed or teleported.
You can dig through walls and to a lower floor.
You have a pair of large antennae on your head. (SInv)
Your four strong arms can wield two-handed weapons with a shield.


Message History

Found a stone staircase leading down.
You see here 6 gold pieces.
You reach to attack!
You barely miss the skeletal warrior.
The skeletal warrior throws a stone.
The stone hits you!
There are monsters nearby!
The skeletal warrior throws a stone.
The stone hits you but does no damage.
The skeletal warrior is no longer distracted by gold.
The skeletal warrior throws a stone.
The stone hits you.
The skeletal warrior throws a stone.
The stone barely misses you.
You block the skeletal warrior's attack.
You block the skeletal warrior's attack.
You extend your mandibles.
You dig through the rock wall.
You dig through the rock wall.
Found 6 gold pieces and a war axe.
You dig through the rock wall.
You dig through the rock wall.
You dig through the rock wall.
You dig through the rock wall.
An iguana comes into view.
The iguana hisses angrily.
The skeletal warrior throws a stone.
You block the stone.
The skeletal warrior hits you with a +0 war axe!!
* * * LOW HITPOINT WARNING * * *
You retract your mandibles.
You hit the iguana but do no damage.
The skeletal warrior throws a stone.
The stone barely misses you.
The iguana bites you but does no damage.
You block the skeletal warrior's attack.
The skeletal warrior throws a stone.
The stone hits you.
* * * LOW HITPOINT WARNING * * *
You barely miss the iguana. You block the iguana's attack.
The skeletal warrior hits you with a +0 war axe.
* * * LOW HITPOINT WARNING * * *
Okay, then.
It was a potion of degeneration.
There was something very wrong with that liquid.
You feel weakened.
You feel dopey.
You feel clumsy. The iguana bites you!
You die...
Your body crumbles into a pile of gold.

....##$z...#.#........#
#.###...######.......##
#.#...)..>.###.......#
#................##.##
........##........#.#
#....#### ##..##....#
#.... #..$..z.## #....
##...z.## #....@##
......l## ...)...
....... ..#.... . #....
##... #...


You could see 2 skeletal warriors and an iguana.

Vanquished Creatures
  Grinder (D:3)
  An ice beast (D:6)
  A necrophage (D:6)
  An iguana (D:6)
  Jessica (D:3)
  An orc wizard (D:4)
  Terence (D:2)
  4 gnolls (D:4)
  5 adders
  A shadow imp (D:6)
  A white imp (D:6)
  An adder skeleton (D:4)
  A worm (D:2)
  A dart slug (D:1)
  7 orcs
  6 endoplasms
  5 giant cockroaches
  4 goblins
  9 hobgoblins
  6 kobolds
  5 quokkas
  3 ball pythons
  9 bats
  2 frilled lizards (D:1)
  6 rats
83 creatures vanquished.

Notes
Turn   | Place    | Note
-------+----------+-------------------------------------------
     0 | D:1      | Delamore the Formicid Fighter began the quest for the Orb.
     0 | D:1      | Reached XP level 1. HP: 18/18 MP: 1/1
    57 | D:1      | Found a faded altar of an unknown god.
    60 | D:1      | Noticed a floating eye
    61 | D:1      | Noticed a floating eye
    61 | D:1      | Noticed a floating eye
    61 | D:1      | Noticed a golden eye
    77 | D:1      | Became a worshipper of Zin the Law-Giver
    77 | D:1      | Reached * piety under Zin
   139 | D:1      | Reached XP level 2. HP: 24/24 MP: 2/2
   325 | D:1      | Reached XP level 3. HP: 30/30 MP: 3/3
   350 | D:1      | Reached skill level 3 in Polearms
   388 | D:1      | Reached ** piety under Zin
   813 | D:2      | Reached XP level 4. HP: 27/37 MP: 4/4
  1030 | D:2      | Noticed Terence
  1039 | D:2      | Killed Terence
  1597 | D:3      | Reached skill level 4 in Polearms
  1714 | D:3      | Noticed Jessica
  1722 | D:3      | Killed Jessica
  1723 | D:3      | Reached XP level 5. HP: 41/43 MP: 5/5
  1853 | D:3      | Reached *** piety under Zin
  2116 | D:3      | Noticed Grinder
  2139 | D:3      | Killed Grinder
  2140 | D:3      | Reached skill level 5 in Fighting
  2140 | D:3      | Reached skill level 5 in Polearms
  2140 | D:3      | Reached XP level 6. HP: 22/51 MP: 6/6
  2828 | D:4      | Reached skill level 6 in Polearms
  2828 | D:4      | Reached XP level 7. HP: 42/56 MP: 7/7
  2988 | D:4      | Found a bloodstained altar of Trog.
  3174 | D:4      | Reached **** piety under Zin
  3713 | D:4      | You are sucked into a shaft and drop 2 floors!
  3948 | D:6      | Reached skill level 7 in Polearms
  4072 | D:6      | Found an opulent altar of Gozag.
  4097 | D:6      | Fell from the grace of Zin
  4097 | D:6      | Became a worshipper of Gozag Ym Sagoz the Greedy
  4111 | D:6      | Noticed a skeletal warrior
  4112 | D:6      | Noticed a skeletal warrior
  4145 | D:6      | Slain by an iguana

Illustrated notes

Levels and vault maps discovered:
D:1:      tarquinn_simple_flora_water_f, layout_loops_ring,
          hellmonk_ecumenical_altar_watching_god, minmay_split_cup_large
D:2:      layout_loops_ring, serial_glass, glass_columns_b, glass_columns_a,
          uniq_terence
D:3:      layout_basic, roderic_serpentine_path, uniq_grinder, uniq_jessica
D:4:      layout_basic, lightli_temple_of_fire
D:6:      layout_cave_pools, grunt_gozag_statues

Skill      XL: |  1  2  3  4  5  6  7 |
---------------+----------------------+-----
Polearms       | 3 4 5 6 7 |  7.5
Fighting       | 4 5 |  5.0
Armour         | |  3.2
Shields        | |  3.6

Action                   |  1- 3 |  4- 6 |  7- 9 || total
-------------------------+-------+-------+-------++-------
Melee: Trident           |   105 |   119 |   120 ||   344
Throw: Dart              |       |     7 |       ||     7
 Abil: Dig               |     1 |       |     6 ||     7
  Use: Potion            |       |     1 |     2 ||     3
Armor: Scale mail        |    40 |     1 |       ||    41
       Chain mail        |       |    42 |    67 ||   109
Dodge: Dodged            |    43 |    19 |    30 ||    92
Block: Kite shield       |    50 |    38 |    62 ||   150

Table legend: (Time is in decaauts)
 A = Elapsed time spent in this place.
 B = Non-inter-level travel time spent in this place.
 C = Inter-level travel time spent in this place.
 D = Time resting spent in this place.
 E = Time spent auto-exploring this place.
 F = Levels seen in this place.
 G = Mean time per level.
                   A        B        C        D        E       F      G
               +--------+--------+--------+--------+--------+-----+--------+
         Total |   4235 |   4140 |     95 |    647 |   2728 |   5 |  847.0 |
       Dungeon |   4235 |   4140 |     95 |    647 |   2728 |   5 |  847.0 |
               +--------+--------+--------+--------+--------+-----+--------+

Top non-repeatable levels by time:
     D:3: 1332 daAuts
     D:2: 879 daAuts
     D:4: 828 daAuts
     D:1: 753 daAuts
     D:6: 441 daAuts
